 Dungeon Crawl Stone Soup version 0.31-a0-210-gccc998df9b (webtiles) character file.

Game seed: 3862458834891840447

65 qw the Shooter (level 3, -3/29 HPs)
             Began as a Minotaur Hexslinger on June 30, 2023.
             Killed from afar by Sigmund (5 damage)
             ... with a puff of flame
             ... on level 2 of the Dungeon.
             The game lasted 00:00:29 (1367 turns).

qw the Shooter (Minotaur Hexslinger)                Turns: 1367, Time: 00:00:29

Health: -3/29      AC:  2    Str: 12    XL:     3   Next: 94%
Magic:  3/3        EV: 12    Int: 10    God:
Gold:   146        SH:  0    Dex: 14    Spells: 3/4 levels left

rFire   . . .        Y - +1 sling (flame)
rCold   . . .        (no shield)
rNeg    . . .        c - +0 robe
rPois   .            (helmet restricted)
rElec   .            (no cloak)
rCorr   .            (no gloves)
SInv    .            (no boots)
Will    .....        (no amulet)
Stlth   +            (no ring)
HPRegen 0.24/turn    (no ring)
MPRegen 0.08/turn

%: no passive effects
@: no status effects
A: horns 2, retaliatory headbutt
a: no special abilities


You were on level 2 of the Dungeon.
You visited 1 branch of the dungeon, and saw 2 of its levels.

You collected 146 gold pieces.


Innate Abilities, Weirdness & Mutations

You have a pair of horns on your head.
You reflexively headbutt those who attack you in melee.


   Skills:
 - Level 2.0 Fighting
 + Level 4.4 Ranged Weapons
 - Level 2.1 Dodging
 - Level 1.0 Spellcasting
 - Level 2.0 Hexes


You had 3 spell levels left.
You knew the following spells:

 Your Spells              Type           Power      Damage    Failure   Level
a - Slow                  Hex            16%        N/A       16%         1

Your spell library contained the following spells:

 Spells                   Type           Power      Damage    Failure   Level
 Inner Flame              Hex/Fire       2%         N/A       56%         3
 Portal Projectile        Hex/Tloc       4%         N/A       56%         3
 Cause Fear               Hex            2%         N/A       83%         4

Inventory:

Hand Weapons
 Y - a +1 sling of flaming (weapon)
Armour
 c - a +0 robe (worn)
 f - a +0 ring mail
Scrolls
 b - a scroll of teleportation
 d - 3 scrolls of identify {unknown}
 g - a scroll of enchant armour {unknown}
 i - 2 scrolls of noise {unknown}
Potions
 a - a potion of heal wounds {unknown}
 e - a potion of attraction {unknown}
 h - a potion of degeneration {unknown}

Dungeon Overview and Level Annotations

Branches:
Dungeon (2/15)

Altars:

Annotations:
D:2 Sigmund


Message History

Enter note: You shoot a sling bullet.
The sling bullet hits the kobold.
The sling bullet burns the kobold.
You kill the kobold!
Things that are here:
a +0 dagger; a stone; a kobold corpse
Things that are here:
a +0 dagger; a stone; a kobold corpse Sigmund the Dreaded comes into view.
He is wielding a +1 heavy scythe.
Enter note:
Enter note:
Enter note:
Enter note:
Enter note:
Enter note: You shoot a sling bullet.
Sigmund shouts!
The sling bullet hits Sigmund.
The sling bullet burns Sigmund.
Sigmund is lightly wounded.
You shoot a sling bullet. The sling bullet hits Sigmund.
The sling bullet burns Sigmund.
Sigmund is moderately wounded.
Sigmund points at you and mumbles some strange words.
The puff of flame hits you!
You shoot a sling bullet. The sling bullet hits Sigmund.
The sling bullet burns Sigmund.
Sigmund is heavily wounded.
Sigmund mumbles some strange words.
Sigmund flickers and vanishes!
Deactivating autopickup; reactivate with Ctrl-A.
You shoot a sling bullet. You shoot a sling bullet. Something hits you!!
Ouch! That really hurt!
You shoot a sling bullet. You shoot a sling bullet.
You hear some strange, mumbled words.
A puff of flame appears from out of thin air!
The puff of flame hits you.
You die...

.# #.. ....##.# #.# #.# .#
#.# ###.##.# #.# ##. .# ..#
#......# #)#########. .#
#.####..#.### #.......>...
.# #.........# #.#########.
.############..### #.# #.
...............{# ##.## #.
#############...#####.#)####
#. #...@....###...#####.
#########.#.##.......
##.########## ###


There were no monsters in sight!

Vanquished Creatures
  An adder (D:2)
  3 worms (D:2)
  3 ball pythons
  5 endoplasms
  3 giant cockroaches (D:1)
  6 goblins
  5 hobgoblins
  5 kobolds
  2 quokkas
  3 bats
  3 frilled lizards
  4 rats
43 creatures vanquished.

Notes
Turn   | Place    | Note
-------+----------+-------------------------------------------
     0 | D:1      | qw the Minotaur Hexslinger began the quest for the Orb.
     0 | D:1      | Reached XP level 1. HP: 16/16 MP: 1/1
     0 | D:1      | 0 ||| qw: Version: 0.3-a-26-gee661ec
     0 | D:1      | 0 ||| qw: Game counter: 7172
     0 | D:1      | 0 ||| qw: Melee chars always use a shield: true
     0 | D:1      | 0 ||| qw: God list: Okawaru
     0 | D:1      | 0 ||| qw: Allow faded altars: false
     0 | D:1      | 0 ||| qw: Do Orc after clearing Dungeon:15 true
     0 | D:1      | 0 ||| qw: Do second Lair branch before Depths: true
     0 | D:1      | 0 ||| qw: Lair rune preference: random
     0 | D:1      | 0 ||| qw: Goals: Normal
     0 | D:1      | 0 ||| PLANNING D:1-11
   202 | D:1      | Reached skill level 3 in Ranged Weapons
   280 | D:1      | Reached XP level 2. HP: 23/23 MP: 2/2
   678 | D:1      | Found a faded altar of an unknown god.
   683 | D:1      | 683 ||| DROPPING amulet of magic regeneration.
   684 | D:1      | 684 ||| DROPPING ring of magical power.
   685 | D:1      | 685 ||| READING scroll labelled UWNAF CUCA.
   686 | D:1      | 686 ||| READING scroll labelled FIHEPOE ZETZEA.
   687 | D:1      | 687 ||| READING scroll labelled FIGEAZ TINANLIB.
   690 | D:1      | 690 ||| READING scroll labelled LACIADGH GUAH.
   691 | D:1      | 691 ||| DROPPING scroll of poison.
   798 | D:2      | Reached XP level 3. HP: 29/29 MP: 3/3
  1038 | D:2      | Reached skill level 4 in Ranged Weapons
  1148 | D:2      | 1148 ||| READING scroll of brand weapon.
  1148 | D:2      | 1148 ||| BRANDING +1 sling of freezing.
  1359 | D:2      | Noticed Sigmund
  1365 | D:2      | HP: 1/29 [something (21)]
  1367 | D:2      | Killed from afar by Sigmund

Levels and vault maps discovered:
D:1:      ncdulo_halloftheorcs, layout_loops_ring,
          dreamdust_ecumenical_altar_angels_and_demons
D:2:      layout_loops_ring, grunt_ministairs_10, kennysheep_doodads,
          minmay_misc_feat_encased, uniq_sigmund

Skill      XL: |  1  2  3 |
---------------+----------+-----
Ranged Weapons | 3 4 |  4.4
Fighting       | 2 |  2.0
Dodging        | |  2.1
Spellcasting   | |  1.0
Hexes          | |  2.0

Action                     || total
---------------------------++-------
   Fire: Sling             ||   102
    Use: Scroll            ||     5
 Armour: Robe              ||     4
  Dodge: Dodged            ||    18

Table legend:
 A = Non-vault XP
 B = Vault XP
 C = Vault XP percentage of total XP
 D = Non-vault monster count
 E = Vault monster count
 F = Vault count percentage of total count
                 A         B        C        D         E       F
            +---------+---------+-------+---------+---------+-------
      Total |      91 |       3 |   3.2 |      41 |       2 |   4.7
            +---------+---------+-------+---------+---------+-------
        D:1 |      36 |       0 |   0.0 |      20 |       0 |   0.0
        D:2 |      55 |       3 |   5.2 |      21 |       2 |   8.7
            +---------+---------+-------+---------+---------+-------
